 Dungeon Crawl Stone Soup version 0.18-a0-1577-gf591c28 (webtiles) character file.

904 George the Cleaver (level 7, -3/56 HPs)
             Began as a Minotaur Gladiator on Mar 19, 2016.
             Slain by a wight
             ... wielding a cursed +0 great sword
              (11 damage)
             ... on level 6 of the Dungeon.
             The game lasted 00:04:46 (3278 turns).

George the Cleaver (Minotaur Gladiator)             Turns: 3278, Time: 00:04:46

Health: -3/56      AC: 10    Str: 21    XL:     7   Next: 80%
Magic:  6/6        EV:  8    Int:  5    God:
Gold:   307        SH:  0    Dex: 11    Spells: 0 memorised, 6 levels left

rFire  . . .     SeeInvis .     a - +0 war axe
rCold  . . .     Gourm    .     x - +0 chain mail
rNeg   + . .     Faith    .     (no shield)
rPois  .         Spirit   .     c - +0 hat
rElec  .         Dismiss  .     m - +0 cloak
rCorr  .         Reflect  .     s - +0 pair of gloves
SustAt .         Harm     .     (no boots)
MR     .....                    (no amulet)
Stlth  ..........               z - ring of positive energy
                                g - ring of flight

@: drained, not resistant to hostile enchantments, extremely unstealthy
A: retaliatory headbutt, horns 2
a: Evoke Flight


You were on level 6 of the Dungeon.
You were not hungry.

You visited 1 branch of the dungeon, and saw 6 of its levels.

You collected 307 gold pieces.

Inventory:

Hand Weapons
 a - a +0 war axe (weapon)
 H - a +1 dire flail of protection
Missiles
 d - 3 throwing nets
 y - 3 tomahawks (quivered)
Armour
 c - a +0 hat (worn)
 m - a +0 cloak (worn)
 s - a +0 pair of gloves (worn)
 x - a +0 chain mail (worn)
Jewellery
 g - a ring of flight (left hand)
 z - a ring of positive energy (right hand)
Scrolls
 i - 2 scrolls of teleportation {unknown}
 j - 2 scrolls of fog {unknown}
 k - 2 scrolls of enchant armour {unknown}
 n - 2 scrolls of amnesia {unknown}
 q - 3 scrolls of enchant weapon {unknown}
 w - a scroll of magic mapping {unknown}
 A - 2 scrolls of remove curse {unknown}
 B - 2 scrolls of noise {unknown}
 C - 2 scrolls of recharging {unknown}
Potions
 l - 3 potions of brilliance {unknown}
 o - a potion of curing {unknown}
 v - a potion of agility {unknown}
 E - a potion of magic {unknown}
 F - a potion of heal wounds {unknown}
 G - a potion of might {unknown}
Comestibles
 f - 4 bread rations
 h - 6 fruits
 r - 2 meat rations
 t - 3 beef jerkies
 I - 2 chunks of flesh


   Skills:
 - Level 2.4(2.0) Fighting
 + Level 11.1(10.6) Axes
 - Level 2.0(1.6) Throwing
 - Level 3.2(2.8) Dodging


You had 6 spell levels left.
You didn't know any spells.

Dungeon Overview and Level Annotations

Branches:
Dungeon (6/15)
 Temple: D:4-7

Altars:
Nemelex Xobeh
Qazlal
Sif Muna
Xom


Innate Abilities, Weirdness & Mutations

You reflexively headbutt those who attack you in melee.
You have a pair of horns on your head.


Message History

The wight hits you but does no damage. The wight hits you with a great sword.
* * * LOW HITPOINT WARNING * * *
You partially resist.
You feel drained.
You hit the wight.
You destroy the wight!
You closely miss the wight.
The wight is lightly damaged.
The wight hits you with a great sword.
* * * LOW HITPOINT WARNING * * *
You hit the wight but do no damage.
The wight is lightly damaged.
You hit the wight but do no damage.
You headbutt the wight, but do no damage.
The wight is lightly damaged.
The wight hits you with a great sword.
* * * LOW HITPOINT WARNING * * *
You closely miss the wight.
The wight is lightly damaged.
The wight hits you with a great sword!
You die...

########
#######.......
#...z......#
#...)@...[.#
#...)).....#
#######)##....
#.# .. ###.#
#...# #.###
####'###
#......#


You could see a wight.

Vanquished Creatures
  A hippogriff (D:5)
  Edmund (D:5)
  An ogre (D:5)
  A centaur (D:5)
  A scorpion (D:4)
  4 wights (D:6)
  A centaur zombie (D:5)
  A giant frog zombie (D:5)
  A giant frog skeleton (D:5)
  2 iguanas
  A hound skeleton (D:5)
  4 adders
  2 oozes
  An adder skeleton (D:4)
  A worm (D:4)
  A dart slug (D:5)
  A giant gecko (D:1)
  6 orcs
  12 bats
  2 giant cockroaches (D:3)
  3 goblins
  8 hobgoblins
  9 jackals (D:3)
  3 quokkas
  A ball python (D:1)
  3 giant newts
  7 kobolds
  6 rats
85 creatures vanquished.

Notes
Turn   | Place    | Note
--------------------------------------------------------------
     0 | D:1      | George the Minotaur Gladiator began the quest for the Orb.
     0 | D:1      | Reached XP level 1. HP: 18/18 MP: 0/0
   199 | D:1      | Reached skill level 4 in Axes
   354 | D:1      | Reached XP level 2. HP: 20/25 MP: 1/1
   564 | D:2      | Found a faded altar to an unknown god.
   727 | D:2      | Reached skill level 5 in Axes
   896 | D:2      | Reached XP level 3. HP: 28/30 MP: 2/2
  1350 | D:3      | Reached XP level 4. HP: 37/37 MP: 3/3
  1397 | D:3      | Found a stormy altar of Qazlal.
  1398 | D:3      | Found a sparkling altar of Nemelex Xobeh.
  1454 | D:3      | Reached skill level 6 in Axes
  1458 | D:3      | Found a shimmering altar of Xom.
  1776 | D:4      | Reached XP level 5. HP: 35/42 MP: 4/4
  2006 | D:4      | Reached skill level 7 in Axes
  2162 | D:5      | Entered Level 5 of the Dungeon
  2162 | D:5      | Noticed a hippogriff
  2170 | D:5      | Killed a hippogriff
  2170 | D:5      | Reached skill level 8 in Axes
  2170 | D:5      | Reached XP level 6. HP: 30/50 MP: 5/5
  2368 | D:5      | Reached skill level 9 in Axes
  2649 | D:5      | Found a deep blue altar of Sif Muna.
  2790 | D:5      | Noticed Edmund
  2805 | D:5      | Killed Edmund
  2805 | D:5      | Reached XP level 7. HP: 41/56 MP: 6/6
  2821 | D:5      | Reached skill level 10 in Axes
  3271 | D:6      | Reached skill level 11 in Axes
  3278 | D:6      | Slain by a wight

Vault maps used:
D:1:      scummos_arrival_hexagon
D:2:      ecumenical_altar_1
D:3:      tgw_xom, gammafunk_temple_overflow_statue, first_bread
D:5:      led_sif_pool, minivault_27, corexii_leaking_fountain, uniq_edmund
D:6:      minmay_temple_entry_butterflies

Skill      XL: |  1  2  3  4  5  6  7 |
---------------+----------------------+-----
Axes           | 4 5 6 8 9 11 | 11.1
Fighting       | |  2.4
Throwing       | |  2.0
Dodging        | |  3.2

Action                   |  1- 3 |  4- 6 |  7- 9 || total
-------------------------+-------+-------+-------++-------
Melee: War axe           |    75 |    92 |    31 ||   198
  Eat: Chunk             |     1 |     5 |     2 ||     8
